 Dungeon Crawl Stone Soup version 0.24-a0-537-g2d01d4a (webtiles) character file.

Game seed: 18007391255928684129

1152 Dorkslayer the Chopper (level 8, -19/53 HPs)
             Began as a Gargoyle Abyssal Knight on Aug 13, 2019.
             Was a Priest of Lugonu.
             Blown up by a big kobold (20 damage)
             ... with a disintegration bolt
             ... on level 5 of the Dungeon.
             The game lasted 00:21:51 (4202 turns).

Dorkslayer the Chopper (Gargoyle Abyssal Knight)    Turns: 4202, Time: 00:21:51

Health: -19/53     AC: 23    Str: 16    XL:     8   Next: 38%
Magic:  10/10      EV:  5    Int: 14    God:    Lugonu [***...]
Gold:   124        SH:  9    Dex: 10    Spells: 7/7 levels left

rFire    . . .     SeeInvis .   a - +1 hand axe
rCold    . . .     Gourm    .   m - +0 shield
rNeg     + . .     Faith    .   n - +0 chain mail
rPois    ∞         Spirit   .   (helmet restricted)
rElec    +         Reflect  .   o - +0 cloak
rCorr    .         Harm     .   (no gloves)
MR       .....                  w - +0 pair of boots
Stlth    ..........             (no amulet)
HPRegen  0.57/turn              k - +4 ring of protection
MPRegen  0.12/turn              p - +1 ring of protection

@: no status effects
A: horns 1, negative energy resistance 1, regeneration 1, robust 1, shaggy fur
1, electricity resistance, unbreathing, petrification resistance, rot immunity,
AC +5
a: Depart the Abyss, Bend Space, Banish, Renounce Religion


You were on level 5 of the Dungeon.
You worshipped Lugonu.
Lugonu was most pleased with you.
You were not hungry.

You visited 1 branch of the dungeon, and saw 5 of its levels.
You visited the Abyss 2 times.

You collected 334 gold pieces.
You spent 210 gold pieces at shops.

Inventory:

Hand Weapons
 a - a +1 hand axe (weapon)
Missiles
 s - 5 javelins (quivered)
Armour
 e - a +0 pair of boots
 m - a +0 shield (worn)
 n - a +0 chain mail (worn)
 o - a +0 cloak (worn)
 w - a +0 pair of boots (worn)
Jewellery
 k - a +4 ring of protection (left hand)
 l - an uncursed ring of positive energy
 p - a +1 ring of protection (right hand)
Wands
 u - a wand of random effects (4)
 v - a wand of iceblast (5)
Scrolls
 b - 3 scrolls of immolation
 f - 4 scrolls of teleportation
 g - 2 scrolls of amnesia
 q - a scroll of enchant armour {unknown}
 r - 2 scrolls of remove curse
 t - a scroll of blinking
Potions
 d - a potion of haste
 h - 2 potions of magic
 i - 3 potions of cancellation
 j - a potion of invisibility
 z - a potion of curing
 A - a potion of flight {unknown}
Comestibles
 c - 7 rations


   Skills:
 + Level 5.0 Fighting
 + Level 5.5 Axes
 * Level 1.1 Throwing
 + Level 3.8 Armour
 + Level 1.8 Dodging
 * Level 4.8 Shields
 * Level 3.2 Invocations
 * Level 1.5 Evocations


You had 7 spell levels left.
You didn't know any spells.
Your spell library contained the following spells:

 Spells                   Type           Power        Failure   Level  Hunger
 Confusing Touch          Hex            #.....       100%        1    ##.....
 Confuse                  Hex            #.......     100%        3    ####...
 Gell's Gravitas          Tloc           #.........   100%        3    ####...
 Petrify                  Tmut/Erth      #.......     100%        4    #####..
 Metabolic Englaciation   Hex/Ice        #.........   100%        5    ######.
 Yara's Violent Unravell  Hex/Tmut       #.........   100%        5    ######.


Dungeon Overview and Level Annotations

Branches:
Dungeon (5/15)             Temple (0/1) D:4

Altars:
Nemelex Xobeh

Shops:
D:4 }


Innate Abilities, Weirdness & Mutations

You are resistant to torment.
Your stone body is resilient. (AC +5)
You are immune to poison.
You resist negative energy. (rN+)
You are resistant to electric shocks. (rElec)
You can survive without breathing.
You are immune to petrification.
You are immune to rotting.
You have a pair of small horns on your head.
Your natural rate of healing is unusually fast.
You are robust. (+10% HP)
You are covered in fur. (AC +1)


Message History

The big kobold hits you but does no damage.
Your shield and chain mail prevent you from hitting the big kobold.
Your headbutt misses the big kobold.
The big kobold is heavily wounded.
The big kobold hits you with a +0 flail.
You closely miss the big kobold. Your headbutt misses the big kobold.
The big kobold is heavily wounded.
You block the big kobold's attack.
Your shield prevents you from hitting the big kobold.
The big kobold is heavily wounded.
The big kobold zaps a wand.
You struggle to resist.
You hit the big kobold.
The big kobold is severely wounded.
The big kobold zaps a wand.
You are blasted!
Ouch! That really hurt!
* * * LOW HITPOINT WARNING * * *
You hit the big kobold but do no damage.
The big kobold is severely wounded.
The big kobold zaps a wand.
You are blasted!
You die...

##+##
#........# #.##
######...# #.##
# #.### #... #.
#.# #### ...
#### #.# # . ..
..# #.# #
...#.###.# #.#
#
.......#.####.#
# #K@^.....#
###.###### ...#
#####


You could see a big kobold.

Vanquished Creatures
  The ghost of MatthieuS the Conjurer, an amateur GrWn (D:5)
  A water moccasin (D:4)
  A phantom (D:5)
  An ogre (D:4)
  A centaur (D:4)
  A water moccasin skeleton (D:5)
  An orc priest (D:5)
  Crazy Yiuf (D:3)
  4 hounds
  3 orc wizards
  A centaur skeleton (D:5)
  An iguana (D:5)
  5 worker ants
  6 adders
  An ooze (D:4)
  An adder skeleton (D:5)
  3 worms (D:2)
  A dart slug (D:3)
  3 leopard geckos
  7 orcs
  4 bats
  6 giant cockroaches
  5 hobgoblins
  8 jackals
  15 kobolds
  2 quokkas (D:5)
  A ball python (D:2)
  5 frilled lizards
  3 goblins
  A jackal zombie (D:5)
  5 rats
  2 fungi (D:3)
101 creatures vanquished.

Vanquished Creatures (others)
  A fungus (D:5)
1 creature vanquished.

Grand Total: 102 creatures vanquished

Notes
Turn   | Place    | Note
-------+----------+-------------------------------------------
     0 | Abyss:1  | Dorkslayer the Gargoyle Abyssal Knight began the quest for
                  | the Orb.
     0 | Abyss:1  | Reached XP level 1. HP: 14/14 MP: 2/2
    22 | Abyss:1  | Noticed a ynoxinul
    23 | D:1      | Escaped the Abyss
    67 | D:1      | Reached * piety under Lugonu
   111 | D:1      | Reached XP level 2. HP: 16/20 MP: 3/3
   605 | D:1      | Reached XP level 3. HP: 24/24 MP: 4/4
   802 | D:2      | Reached skill level 1 in Dodging
   912 | D:2      | Reached skill level 1 in Shields
   954 | D:2      | Reached XP level 4. HP: 29/29 MP: 5/5
   997 | D:2      | Found a sparkling altar of Nemelex Xobeh.
  1071 | D:2      | Reached ** piety under Lugonu
  1692 | D:3      | Found a runed translucent door.
  1693 | D:3      | Noticed Crazy Yiuf
  1700 | D:3      | Cast into level 1 of the Abyss (Crazy Yiuf)
  1716 | Abyss:1  | Found a corrupted altar of Lugonu.
  1795 | Abyss:1  | Noticed a ynoxinul
  1821 | D:3      | Escaped the Abyss
  1888 | D:3      | Killed Crazy Yiuf
  1888 | D:3      | Reached XP level 5. HP: 13/33 MP: 6/6
  2013 | D:4      | Reached XP level 6. HP: 20/39 MP: 7/7
  2231 | D:4      | Found a staircase to the Ecumenical Temple.
  2236 | D:4      | Noticed a water moccasin
  2283 | D:4      | Killed a water moccasin
  2358 | D:4      | Reached XP level 7. HP: 19/44 MP: 8/8
  2494 | D:4      | HP: 2/44 [ogre/+0 giant club (9)]
  2878 | D:4      | Found Vepiotu's Gadget Boutique.
  2958 | D:4      | Bought a wand of random effects (9) for 66 gold pieces
  2958 | D:4      | Bought a wand of iceblast (8) for 144 gold pieces
  3237 | D:5      | Entered Level 5 of the Dungeon
  3431 | D:5      | Gained mutation: You are robust. (+10% HP) [potion of
                  | mutation]
  3431 | D:5      | Gained mutation: You have a pair of small horns on your
                  | head. [potion of mutation]
  3431 | D:5      | Gained mutation: Your natural rate of healing is unusually
                  | fast. [potion of mutation]
  3431 | D:5      | Gained mutation: You are covered in fur. (AC +1) [potion of
                  | mutation]
  3503 | D:5      | Reached *** piety under Lugonu
  3553 | D:5      | Found a runed translucent gate.
  3553 | D:5      | Found a runed translucent gate.
  3553 | D:5      | Found a runed translucent gate.
  3556 | D:5      | Noticed MatthieuS's ghost (amateur GrWn)
  3571 | D:5      | Killed MatthieuS's ghost
  3571 | D:5      | Reached skill level 5 in Axes
  3571 | D:5      | Reached skill level 1 in Evocations
  3571 | D:5      | Reached XP level 8. HP: 52/52 MP: 8/10
  3891 | D:5      | Reached skill level 5 in Fighting
  3891 | D:5      | Reached skill level 1 in Throwing
  4201 | D:5      | HP: 1/53 [disintegration (27)]
  4202 | D:5      | Blown up by a big kobold

Levels and vault maps discovered:
D:1:      wander_arrival_peaceful_grave, layout_loops_ring, minivault_11
D:2:      layout_rooms, lemuel_crystal_altar, first_ration
D:3:      layout_rooms, uniq_crazy_yiuf_cottage
D:4:      layout_gridville, minmay_temple_entry_slanted, serial_shops, shop
D:5:      layout_loops_corners, gammafunk_ghost_nasty_kobolds

Skill      XL: |  1  2  3  4  5  6  7  8 |
---------------+-------------------------+-----
Fighting       | 4 5 |  5.0
Axes           | 2 3 4 5 |  5.5
Dodging        | 1 |  1.8
Shields        | 1 2 3 4 |  4.8
Armour         | 3 |  3.8
Evocations     | 1 |  1.5
Throwing       | 1 |  1.1
Invocations    | 3 |  3.2

Action                   |  1- 3 |  4- 6 |  7- 9 || total
-------------------------+-------+-------+-------++-------
Melee: Hand axe          |   109 |   279 |   180 ||   568
       Headbutt          |       |       |    16 ||    16
Throw: Javelin           |       |       |     2 ||     2
Invok: Depart the Abyss  |     1 |       |       ||     1
Evoke: Wand              |       |       |     8 ||     8
  Use: Scroll            |       |    10 |     4 ||    14
       Potion            |       |     5 |     1 ||     6
  Eat: Chunk             |       |     3 |       ||     3
       Ration            |       |     1 |     2 ||     3
Armor: Leather armour    |    11 |       |       ||    11
       Ring mail         |    29 |       |       ||    29
       Chain mail        |    64 |   215 |   127 ||   406
Dodge: Dodged            |    56 |    58 |    33 ||   147
Block: Shield            |    19 |   101 |    73 ||   193

Table legend:
 A = Non-vault XP
 B = Vault XP
 C = Vault XP percentage of total XP
 D = Non-vault monster count
 E = Vault monster count
 F = Vault count percentage of total count
                 A         B        C        D         E       F
            +---------+---------+-------+---------+---------+-------
      Total |    1366 |     280 |  17.0 |      91 |       8 |   8.1
            +---------+---------+-------+---------+---------+-------
        D:1 |      34 |       0 |   0.0 |      19 |       0 |   0.0
        D:2 |      67 |       0 |   0.0 |      21 |       0 |   0.0
        D:3 |      52 |      40 |  43.5 |      15 |       1 |   6.2
        D:4 |     683 |       0 |   0.0 |      19 |       0 |   0.0
        D:5 |     530 |     240 |  31.2 |      17 |       7 |  29.2
            +---------+---------+-------+---------+---------+-------
